 Dungeon Crawl Stone Soup version 0.32-a0-666-ge8a88695a4 (webtiles) character file.

Game seed: 12443967381886960722

147460 octoduck the Cleaver (level 17, -2/135 HPs)
             Began as a Gnoll Reaver on Mar 1, 2024.
             Was a High Priest of Beogh.
             Slain by a redback (6 damage)
             ... on level 3 of the Lair of Beasts on Mar 9, 2024.
             The game lasted 02:04:10 (38784 turns).

octoduck the Cleaver (Gnoll Reaver)                Turns: 38784, Time: 02:04:11

Health: -2/135     AC:  2    Str: 14    XL:     17   Next: 46%
Magic:  34/34      EV:  7    Int: 17    God:    Beogh [*****.]
Gold:   136        SH: 23    Dex: 18    Spells: 18/42 levels left

rFire   + + +        E - +4 demon trident (elec)
rCold   + + .        K - +0 tower shield
rNeg    . . .        W - +1 plate armour {rF+}
rPois   .            H - +0 helmet {SInv}
rElec   .            A - +0 cloak
rCorr   .            D - +0 pair of gloves of Piegusis {rF+ Dex+6 Stlth-}
SInv    +            m - +0 pair of boots
Will    +....        u - amulet "Ocrosism" {Reflect Regen+ SH+5} Stlth
                     n - ring of Rotourax {rF+++ rC+ Str-2 Dex+2 SInv}
HPRegen 1.22/turn    k - ring of protection from cold
MPRegen 0.24/turn

%: reflection
@: lethally poisoned (-2 -> -2), corroded
A: walk on water, fangs 1, strong nose, distributed training
a: Renounce Religion, Smiting, Recall Apostles, Blood for Blood, Dismiss Oruk,
warrior, Dismiss Brunolf, priest


You were on level 3 of the Lair of Beasts.
You worshipped Beogh.
Beogh was extremely pleased with you.
You visited 7 branches of the dungeon, and saw 28 of its levels.
You also visited: Sewer and Bailey.

You collected 2263 gold pieces.
You spent 2127 gold pieces at shops.

Inventory:

Hand Weapons
 E - a +4 demon trident of electrocution (weapon)
 G - the +9 staff of Olgreb {rPois∞}
   (You found it in a bailey)

   Radiate:   It can be activated via the 'a'bility menu to radiate toxic
   energy, with effectiveness depending on Evocations skill.
   Alch:      It enhances your alchemy magic.
   rPois∞: It grants immunity to poison.
Missiles
 b - 4 darts of dispersal
 t - 8 curare-tipped darts
 T - 5 datura-tipped darts
Armour
 m - a +0 pair of boots (worn)
 A - a +0 cloak (worn)
 D - the +0 pair of gloves of Piegusis (worn) {rF+ Dex+6 Stlth-}
   (You bought it in a shop on level 2 of the Shoals)

   Dex+6:     It affects your dexterity (+6).
   rF+:       It protects you from fire.
   Stlth-:    It makes you less stealthy.
 H - a +0 helmet of see invisible (worn)
 K - a +0 tower shield (worn)
 W - a +1 plate armour of fire resistance (worn)
Jewellery
 f - a +6 ring of strength
 g - a ring of willpower
 k - a ring of protection from cold (right hand)
 n - the ring of Rotourax (left hand) {rF+++ rC+ Str-2 Dex+2 SInv}
   (You found it on level 2 of the Dungeon)

   [ring of protection from cold]

   Str-2:     It affects your strength (-2).
   Dex+2:     It affects your dexterity (+2).
   rF+++:     It renders you almost immune to fire.
   rC+:       It protects you from cold.
   SInv:      It lets you see invisible.
 u - the amulet "Ocrosism" (around neck) {Reflect Regen+ SH+5}
   (You found it on level 1 of the Shoals)

   [amulet of reflection]

   Reflect:   It reflects blocked missile attacks.
   Regen+:    It increases your rate of health regeneration.
   SH+5:      It affects your SH (+5).
 V - a ring of protection from cold
Wands
 q - a wand of digging (3)
 L - a wand of paralysis (21)
 M - a wand of roots (4)
 O - a wand of acid (5)
 X - a wand of flame (15)
 Z - a wand of mindburst (2)
Scrolls
 d - a scroll of vulnerability
 j - 3 scrolls of amnesia
 p - 2 scrolls of enchant armour
 s - a scroll of torment
 w - a scroll of enchant weapon
 y - 3 scrolls of silence
 B - a scroll of fog
 C - 5 scrolls of revelation
 F - 2 scrolls of brand weapon
 I - 5 scrolls of teleportation
 J - 8 scrolls of fear
 Q - 4 scrolls of noise
 R - 4 scrolls of immolation
 Y - a scroll of summoning
Potions
 a - 3 potions of brilliance
 c - 2 potions of enlightenment
 e - a potion of heal wounds
 i - 6 potions of curing
 l - 6 potions of haste
 o - a potion of lignification
 r - 4 potions of might
 v - 2 potions of magic
 P - a potion of cancellation
 S - 2 potions of mutation
 U - 3 potions of ambrosia
Miscellaneous
 x - a phantom mirror (inert)


   Skills:
 + Level 12.9 Fighting
 + Level 12.1 Short Blades
 + Level 12.1 Long Blades
 + Level 13.6 Axes
 + Level 12.1 Maces & Flails
 + Level 12.1 Polearms
 + Level 12.1 Staves
 + Level 12.1 Ranged Weapons
 + Level 12.1 Throwing
 + Level 12.1 Armour
 + Level 12.9 Dodging
 + Level 12.1 Stealth
 + Level 12.1 Shields
 + Level 12.1 Unarmed Combat
 + Level 13.0 Spellcasting
 + Level 11.5 Conjurations
 + Level 10.2 Hexes
 + Level 10.2 Summonings
 + Level 10.2 Necromancy
 + Level 10.2 Translocations
 + Level 10.2 Fire Magic
 + Level 10.2 Ice Magic
 + Level 10.2 Air Magic
 + Level 10.2 Earth Magic
 + Level 10.2 Alchemy
 + Level 13.1 Invocations
 + Level 12.1 Evocations
 + Level 11.1 Shapeshifting


You had 18 spell levels left.
You knew the following spells:

 Your Spells              Type           Power      Damage    Failure   Level
a - Kiss of Death         Conj/Necr      100%       2d13      14%         1
b - Momentum Strike       Conj/Tloc      96%        3d10      22%         2
c - Blink                 Tloc           90%        N/A       28%         2
d - Lesser Beckoning      Tloc           90%        N/A       28%         2
e - Hailstorm             Conj/Ice       48%        3d10      38%         3
f - Fulminant Prism       Conj/Alch      24%        3d12      80%         4
g - Vhi's Electric Charg  Tloc/Air       90%        N/A       88%         4
h - Ozocubu's Armour      Ice            45%        N/A       50%         3
i - Fugue of the Fallen   Necr           45%        N/A       50%         3

Your spell library contained the following spells:

 Spells                   Type           Power      Damage    Failure   Level
 Magic Dart               Conj           100%       1d8       11%         1
 Searing Ray              Conj           100%       2d8       16%         2
 Sandblast                Erth           90%        2d19      19%         1
 Stone Arrow              Conj/Erth      96%        3d13      38%         3
 Confusing Touch          Hex            45%        N/A       50%         3
 Inner Flame              Hex/Fire       45%        N/A       50%         3
 Passwall                 Erth           45%        N/A       50%         3
 Tukima's Dance           Hex            45%        N/A       50%         3
 Brom's Barrelling Bould  Conj/Erth      48%        2d7       80%         4
 Flame Wave               Conj/Fire      48%        2d12      80%         4
 Animate Armour           Summ/Erth      90%        N/A       88%         4
 Dispel Undead            Necr           45%        3d17      88%         4
 Manifold Assault         Tloc           45%        N/A       88%         4
 Passage of Golubria      Tloc           45%        N/A       88%         4
 Sticky Flame             Fire/Alch      45%        2d9       88%         4
 Summon Lightning Spire   Summ/Air       45%        N/A       88%         4
 Iskenderun's Battlesphe  Conj           50%        2d10      96%         5
 Arcjolt                  Conj/Air       24%        1d34      98%         5
 Fireball                 Conj/Fire      24%        3d11      98%         5
 Lee's Rapid Deconstruct  Erth           22%        3d13*     99%         5
 Yara's Violent Unravell  Hex/Alch       22%        3d10      99%         5
 Conjure Ball Lightning   Conj/Air       24%        3x3d7     100%        6
 Dispersal                Tloc           22%        N/A       100%        6
 Plasma Beam              Fire/Air       22%        2x1d34    100%        6
 Orb of Destruction       Conj           25%        9d9       100%        7
 Disjunction              Tloc           22%        N/A       100%        8


Dungeon Overview and Level Annotations

Branches:
Dungeon (15/15)            Temple (1/1) D:5            Lair (5/5) D:11
 Shoals (3/4) Lair:3       Spider (1/4) Lair:3        Slime (0/5) Lair:5
    Orc (2/2) D:11            Elf (0/3) Orc:2        Vaults (0/5) D:13
 Depths (1/4) D:15          Sewer (visited)          Bailey (visited)

Altars:
Ashenzari
Cheibriados
Dithmenos
Elyvilon
Fedhas
Gozag
Hepliaklqana
Kikubaaqudgha
Makhleb
Nemelex Xobeh
Okawaru
Qazlal
Ru
Sif Muna
Trog
Uskayaw
Vehumet
Wu Jian
Xom
Yredelemnul
Zin
The Shining One
Beogh
Jiyva
Lugonu

Shops:
D:7 ((**   D:10 [   D:13 !   Orc:2 ==![!!(   Shoals:2 [?(*(

Portals:
Abyss: D:10
Pandemonium: Orc:2


Innate Abilities, Weirdness & Mutations

You can walk on water.
Your facial features are unmistakably orcish.
You have very sharp teeth.
Your uncanny sense of smell can sniff out nearby items.
Your experience applies equally to all skills.


Message History

* * * LOW HITPOINT WARNING * * *
The culicivora draws strength from your injuries!
The redback bites you.
* * * LOW HITPOINT WARNING * * *
You block the entropy weaver's attack. x3; The entropy weaver hits you.
* * * LOW HITPOINT WARNING * * *
You hit the culicivora but do no damage.
The culicivora is moderately wounded.
You feel sick. You block the culicivora's attack.
You block the redback's attack.
The entropy weaver points at you and mumbles some strange words.
The entropic weave corrodes you! You block the culicivora's attack.
You block the redback's attack.
You hit the culicivora but do no damage.
The culicivora is moderately wounded.
You feel sick.
You block the entropy weaver's attack. x3
The entropy weaver barely misses you. You block the culicivora's attack.
The redback barely misses you.
You puncture the culicivora!
Lightning courses through the culicivora!
You kill the culicivora!
Beogh accepts your kill.
You feel sick. You block the redback's attack.
You block the entropy weaver's attack. x3; The entropy weaver hits you.
* * * LOW HITPOINT WARNING * * *
The redback completely misses you.
The entropy weaver gestures at you while chanting.
The entropic weave corrodes you!
You feel sick. You block the redback's attack.
You block the entropy weaver's attack. x3
The entropy weaver hits you but does no damage.
You see here a culicivora corpse.
You completely miss the entropy weaver.
You feel sick. You block the redback's attack.
You block the entropy weaver's attack. x3
The entropy weaver hits you.
* * * LOW HITPOINT WARNING * * *
The redback bites you but does no damage.
You barely miss the entropy weaver.
You feel sick.
You block the entropy weaver's attack. x4; The redback bites you.
You die...

#..#.###.##......#.....###...##
#..#.#P...#.....###†...†##..##.
#...............# #.....##.o##.
#..##.....#....####..#..#..oo#.
##..P.....#....##.##.#...##..#..
##..P.P........##...##...###...#.
#....##.#.P##.[#..^....^..#...#..
###............#>....#.#.......#P
#.............B@s......#.#.....P
#.............##......#.###.>...
##.......<.....#######..###.....
#...............## #..#..##.....
#................###.....##.....
##................#.†.......#.#.
#....###P###....P##....##..####
##...#######....#####.†####..#..
#....#......#....#######........


You could see an entropy weaver and a redback.

Vanquished Creatures
  Frances (D:13)
  Kirke (D:12)
  Ilsuiw (Shoals:3)
  Louise (D:14)
  Nessos (D:12)
  3 elemental wellsprings (Shoals:3)
  A spark wasp (shapeshifter) (D:15)
  Josephine (D:12)
  2 ettins (Depths:1)
  A merfolk javelineer (Shoals:3)
  A merfolk impaler (Shoals:3)
  A rakshasa (Depths:1)
  6 hydras
  A vault guard (D:13)
  2 demonspawn (Orc:2)
  An ice dragon (Depths:1)
  2 merfolk aquamancers (Shoals:3)
  4 centaur warriors
  3 catoblepae
  A satyr (Shoals:3)
  2 boulder beetles (D:15)
  4 tengu warriors
  3 orc high priests (Orc:2)
  2 sun demons (D:15)
  A hell knight (D:15)
  3 skysharks
  3 fire crabs (D:15)
  A glowing orange brain (D:13)
  3 sea snakes (Shoals:3)
  2 arcanists (D:15)
  A lindwurm (Lair:5)
  A lindwurm (shapeshifter) (D:15)
  3 deep elf pyromancers
  3 orc knights (Orc:2)
  2 ugly things
  A thermic dynamo (D:15)
  7 harpies (Shoals:1)
  2 orc sorcerers
  6 manticores
  A manticore (shapeshifter) (D:13)
  A salamander (D:15)
  5 fauns
  4 meliai (D:13)
  3 elephants
  A rust devil (D:15)
  2 kobold blastminers (Orc:1)
  A water nymph (Shoals:3)
  5 merfolk sirens
  3 gargoyles (D:15)
  A cane toad (Lair:5)
  A rime drake (D:15)
  4 efreet
  A kobold demonologist (D:12)
  2 komodo dragons
  2 tengu conjurers (D:13)
  2 yaktaurs (D:15)
  A queen bee (shapeshifter) (D:15)
  A queen bee (D:13)
  A tarantella (Spider:1)
  2 hornets
  9 merfolk
  4 trolls
  2 wind drakes
  8 blink frogs
  3 dream sheep
  6 snapping turtles
  6 slime creatures
  An air elemental (D:15)
  2 culicivoras (Lair:3)
  2 water elementals
  A shadow (D:9)
  2 wyverns
  A basilisk (D:14)
  6 yaks
  A hog (D:12)
  2 wargs
  4 vampire mosquitoes
  An acid dragon (D:13)
  3 water moccasins
  19 orc warriors
  An ice beast (D:7)
  2 meliai simulacra (D:15)
  A laughing skull (D:13)
  4 black bears
  Pargi (Sewer)
  5 ogres
  3 wolves
  5 centaurs
  4 kobold brigands
  3 bullfrogs
  3 gnoll sergeants
  3 scorpions
  11 killer bees
  6 howler monkeys
  A bombardier beetle (D:2)
  4 jellies
  6 orc priests
  3 hounds
  3 sleepcaps
  3 iguanas
  12 orc wizards
  9 gnolls
  A river rat (D:5)
  9 adders
  2 ufetubi (D:6)
  3 dart slugs
  4 ribbon worms
  18 orcs
  6 ball pythons
  8 endoplasms
  3 giant cockroaches
  12 goblins
  7 hobgoblins
  3 jackals (Sewer)
  21 kobolds
  6 quokkas
  12 bats
  3 frilled lizards
  11 rats
  A lurking horror (D:10)
435 creatures vanquished.

Vanquished Creatures (collateral kills)
  A kraken (Shoals:3)
  Polyphemus (Shoals:2)
  A frost giant (D:15)
  An orc warlord (Orc:1)
  A dire elephant (Lair:5)
  Snorg (D:10)
  2 merfolk impalers
  A centaur warrior (D:13)
  An alligator (Shoals:1)
  A boulder beetle (D:13)
  A tengu warrior (D:14)
  An alligator snapping turtle (Shoals:1)
  3 two-headed ogres
  4 death yaks (Shoals:2)
  3 orc high priests
  Nergalle (D:10)
  A sun demon (Orc:2)
  3 skysharks
  A sixfirhy (D:15)
  Amaemon (Lair:3)
  3 sea snakes
  A goliath frog (Shoals:1)
  3 arcanists
  A deep elf pyromancer (D:15)
  5 harpies (Shoals:1)
  An orc knight (Orc:2)
  3 ugly things
  13 fauns
  10 elephants
  5 cyclopes
  3 manticores
  5 black mambas
  A black mamba (shapeshifter) (D:13)
  4 merfolk sirens
  4 water nymphs
  10 cane toads
  4 gargoyles
  2 orange demons
  9 komodo dragons
  2 rime drakes
  A tengu conjurer (D:13)
  2 kobold demonologists
  2 efreet
  An ice devil (Orc:2)
  A red devil (Orc:2)
  13 merfolk
  3 polar bears
  2 trolls
  3 wind drakes
  5 snapping turtles
  7 dream sheep
  18 blink frogs
  A raiju (shapeshifter) (D:15)
  3 slime creatures
  5 wraiths
  6 water elementals
  An air elemental (D:15)
  2 culicivoras (Lair:3)
  4 wyverns
  20 yaks
  A yak (shapeshifter) (D:15)
  A hog (D:12)
  3 wargs
  5 vampire mosquitoes
  6 water moccasins
  3 acid dragons
  11 orc warriors
  A black bear (Lair:1)
  An elephant zombie (Lair:5)
  4 ogres
  11 wolves
  2 kobold brigands
  8 bullfrogs
  A gnoll sergeant (D:11)
  13 killer bees
  An electric eel (D:13)
  2 howler monkeys (D:12)
  4 jellies (Lair:5)
  A hound (Lair:2)
  3 orc priests (Orc:2)
  2 orc wizards
  7 gnolls (D:11)
  6 orcs
  An endoplasm (Lair:5)
  8 kobolds
  3 tentacles (Shoals:3)
328 creatures vanquished.

Vanquished Creatures (others)
  5 orc apostles
  2 orc high priests (Orc:2)
  A phantasmal warrior (D:13)
  3 orc sorcerers (Orc:2)
  A wolf spider simulacrum (D:15)
  A human (D:12)
  10 orc warriors (Orc:2)
  A meliai simulacrum (D:15)
  13 orc priests
  An orc wizard (D:11)
  22 orcs
  4 fulminant prisms
  7 tentacles (Shoals:3)
71 creatures vanquished.

Grand Total: 834 creatures vanquished

Notes
Turn   | Place    | Note
-------+----------+-------------------------------------------
     0 | D:1      | octoduck the Gnoll Reaver began the quest for the Orb.
     0 | D:1      | Reached XP level 1. HP: 20/20 MP: 6/6
   204 | D:1      | Reached XP level 2. HP: 26/26 MP: 7/7
   648 | D:1      | Reached skill level 5 in Spellcasting
   648 | D:1      | Reached XP level 3. HP: 31/31 MP: 7/9
   652 | D:1      | Learned a level 2 spell: Momentum Strike
  1189 | D:1      | Reached skill level 1 in Invocations
  1367 | D:2      | Reached skill level 1 in Short Blades
  1367 | D:2      | Reached skill level 1 in Long Blades
  1367 | D:2      | Reached skill level 1 in Maces & Flails
  1367 | D:2      | Reached skill level 1 in Polearms
  1367 | D:2      | Reached skill level 1 in Staves
  1367 | D:2      | Reached skill level 1 in Ranged Weapons
  1367 | D:2      | Reached skill level 1 in Throwing
  1367 | D:2      | Reached skill level 1 in Armour
  1367 | D:2      | Reached skill level 1 in Stealth
  1367 | D:2      | Reached skill level 1 in Shields
  1367 | D:2      | Reached skill level 1 in Unarmed Combat
  1367 | D:2      | Reached skill level 1 in Evocations
  2039 | D:2      | Identified the ring of Rotourax {rF+++ rC+ Str-2 Dex+2
                  | SInv}
  2058 | D:2      | Reached skill level 1 in Shapeshifting
  2058 | D:2      | Reached XP level 4. HP: 36/36 MP: 11/11
  2531 | D:3      | Reached skill level 1 in Hexes
  2531 | D:3      | Reached skill level 1 in Summonings
  2531 | D:3      | Reached skill level 1 in Necromancy
  2531 | D:3      | Reached skill level 1 in Translocations
  2531 | D:3      | Reached skill level 1 in Fire Magic
  2531 | D:3      | Reached skill level 1 in Ice Magic
  2531 | D:3      | Reached skill level 1 in Air Magic
  2531 | D:3      | Reached skill level 1 in Earth Magic
  2531 | D:3      | Reached skill level 1 in Alchemy
  2550 | D:2      | Reached XP level 5. HP: 36/43 MP: 12/12
  3196 | D:3      | Became a worshipper of Beogh the Shepherd
  3643 | D:3      | Reached XP level 6. HP: 40/44 MP: 13/13
  3898 | D:4      | Reached skill level 5 in Fighting
  3898 | D:4      | Reached skill level 5 in Dodging
  4148 | D:4      | Learned a level 2 spell: Blink
  4151 | D:4      | Learned a level 2 spell: Lesser Beckoning
  4450 | D:4      | Reached * piety under Beogh
  4582 | D:5      | Entered Level 5 of the Dungeon
  4668 | D:5      | Reached XP level 7. HP: 45/56 MP: 15/15
  5107 | D:5      | Found a glowing drain.
  5127 | Sewer    | Entered a sewer
  5320 | Sewer    | Noticed Pargi
  5326 | Sewer    | Killed Pargi
  5486 | D:5      | Found a staircase to the Ecumenical Temple.
  5507 | D:5      | Reached XP level 8. HP: 28/56 MP: 12/16
  5510 | D:5      | HP: 2/56 [iguana (11)]
  5632 | Temple   | Entered the Ecumenical Temple
  6292 | D:5      | Learned a level 3 spell: Hailstorm
  6309 | D:6      | Identified the ring "Kothagh" {Fire Str+4}
  6368 | D:6      | Reached ** piety under Beogh
  6975 | D:6      | Reached XP level 9. HP: 58/69 MP: 18/18
  7511 | D:7      | Found a flagged portal.
  7652 | Bailey   | Entered a bailey
  8172 | Bailey   | Reached skill level 5 in Invocations
  8879 | Bailey   | Found a roughly hewn altar of Beogh.
  8879 | Bailey   | Found the +9 staff of Olgreb {rPois∞}
  8879 | Bailey   | Noticed an orc knight
  9141 | Bailey   | Pacified an orc knight
  9383 | D:7      | Found Ymajov's Antique Weapon Emporium.
  9506 | D:7      | Reached skill level 5 in Short Blades
  9506 | D:7      | Reached skill level 5 in Long Blades
  9506 | D:7      | Reached skill level 5 in Maces & Flails
  9506 | D:7      | Reached skill level 5 in Polearms
  9506 | D:7      | Reached skill level 5 in Staves
  9506 | D:7      | Reached skill level 5 in Ranged Weapons
  9506 | D:7      | Reached skill level 5 in Throwing
  9506 | D:7      | Reached skill level 5 in Armour
  9506 | D:7      | Reached skill level 5 in Stealth
  9506 | D:7      | Reached skill level 5 in Shields
  9506 | D:7      | Reached skill level 5 in Unarmed Combat
  9506 | D:7      | Reached skill level 5 in Evocations
  9506 | D:7      | Reached XP level 10. HP: 58/73 MP: 18/20
  9715 | D:7      | Found Enuompon's Assorted Antiques.
  9734 | D:7      | Bought a scroll of identify for 68 gold pieces
  9734 | D:7      | Bought a scroll of identify for 68 gold pieces
  9734 | D:7      | Bought a scroll of identify for 68 gold pieces
  9734 | D:7      | Bought a worn fluorescent wand for 136 gold pieces
  9773 | D:7      | Paralysed by a hornet for 3 turns
  9782 | D:7      | Paralysed by a hornet for 2 turns
  9945 | D:7      | Found Henore's Assorted Antiques.
  9959 | D:7      | Noticed a +0 giant club
  9961 | D:7      | Found Udghec Moag's Weapon Boutique.
  9964 | D:7      | Noticed a +0 rapier
 10212 | D:7      | Found a glowing silver altar of Zin.
 10218 | D:7      | Found a radiant altar of Vehumet.
 10221 | D:7      | Found a shadowy altar of Dithmenos.
 10221 | D:7      | Found a hide-covered altar of Uskayaw.
 10229 | D:7      | Found an iron altar of Okawaru.
 10994 | D:8      | Reached *** piety under Beogh
 11013 | D:8      | Noticed Oruk
 11034 | D:8      | Anointed Oruk the warrior as your apostle
 11412 | D:8      | Reached skill level 5 in Shapeshifting
 11733 | D:9      | Found a runed translucent door.
 11926 | D:9      | Identified the +1 trident "Impslayer" {flame, ^Fragile rF+
                  | rC+ Dex+3}
 12110 | D:9      | Learned a level 4 spell: Fulminant Prism
 12177 | D:9      | Reached skill level 5 in Hexes
 12177 | D:9      | Reached skill level 5 in Summonings
 12177 | D:9      | Reached skill level 5 in Necromancy
 12177 | D:9      | Reached skill level 5 in Translocations
 12177 | D:9      | Reached skill level 5 in Fire Magic
 12177 | D:9      | Reached skill level 5 in Ice Magic
 12177 | D:9      | Reached skill level 5 in Air Magic
 12177 | D:9      | Reached skill level 5 in Earth Magic
 12177 | D:9      | Reached skill level 5 in Alchemy
 12178 | D:9      | Reached XP level 11. HP: 37/85 MP: 9/22
 12253 | D:9      | Noticed Ugrim
 12261 | D:9      | Anointed Ugrim the warrior as your apostle
 12630 | D:10     | Entered Level 10 of the Dungeon
 12934 | D:10     | Found a one-way gate to the infinite horrors of the Abyss.
 12937 | D:10     | Found a corrupted altar of Lugonu.
 12940 | D:10     | Noticed Nergalle
 12954 | D:10     | Killed Nergalle
 12970 | D:10     | Reached **** piety under Beogh
 13259 | D:10     | Noticed Snorg
 13267 | D:10     | Killed Snorg
 13306 | D:10     | Found Inoasag's Armour Emporium.
 13325 | D:10     | Bought a +0 helmet of see invisible for 126 gold pieces
 13573 | D:11     | Found a staircase to the Lair.
 13806 | D:11     | Noticed an orc knight
 13814 | D:11     | Pacified an orc knight
 13817 | D:11     | Found a roughly hewn altar of Beogh.
 13819 | D:11     | Noticed a two-headed ogre
 13844 | D:11     | Killed a two-headed ogre
 14000 | D:11     | Identified the +3 morningstar of Grontol {drain, *Slow
                  | rPois Int+2 SInv}
 14000 | D:11     | Noticed Beowulf
 14015 | D:11     | Anointed Beowulf the priest as your apostle
 14339 | D:11     | Found a staircase to the Orcish Mines.
 15229 | Lair:1   | Entered Level 1 of the Lair of Beasts
 15461 | Lair:1   | Reached XP level 12. HP: 75/94 MP: 21/24
 15763 | Lair:1   | Reached skill level 10 in Axes
 15886 | Lair:1   | Reached ***** piety under Beogh
 16550 | D:7      | Bought a scroll of identify for 50 gold pieces
 16551 | D:7      | Bought a scroll of revelation for 187 gold pieces
 17126 | Lair:2   | Reached XP level 13. HP: 94/101 MP: 26/26
 17720 | Lair:2   | Learned a level 4 spell: Vhi's Electric Charge
 17817 | Lair:3   | Noticed Amaemon
 17826 | Lair:3   | Killed Amaemon
 17954 | Lair:3   | Found a hole to the Spider Nest.
 18291 | Lair:3   | Found a staircase to the Shoals.
 18980 | Lair:4   | Reached skill level 10 in Spellcasting
 19482 | Lair:4   | Identified the +5 leather armour of Ferocious Satisfaction
                  | {*Slow +Blink rCorr Str+5}
 19482 | Lair:4   | Noticed Bogric
 19492 | Lair:4   | Your ally Beowulf died
 20585 | Lair:5   | Entered Level 5 of the Lair of Beasts
 20645 | Lair:5   | Reached skill level 10 in Fighting
 20645 | Lair:5   | Reached skill level 10 in Dodging
 21599 | Lair:5   | Found a viscous altar of Jiyva.
 21599 | Lair:5   | Found a staircase to the Slime Pits.
 21864 | Lair:5   | Reached skill level 10 in Invocations
 21864 | Lair:5   | Reached XP level 14. HP: 86/110 MP: 23/28
 22639 | Lair:5   | Noticed a dire elephant
 22660 | Lair:5   | Killed a dire elephant
 22856 | Lair:5   | Noticed a dire elephant
 22856 | Lair:5   | Noticed a dire elephant
 23168 | Orc:1    | Entered Level 1 of the Orcish Mines
 23708 | Orc:2    | Entered Level 2 of the Orcish Mines
 23823 | Orc:2    | Found Tuoptadd's Jewellery Shoppe.
 23956 | Orc:2    | Noticed an orc warlord
 24002 | Orc:1    | Killed an orc warlord
 24266 | Orc:2    | Paralysed by an orc sorcerer for 4 turns
 24380 | Orc:2    | Found Meejufa's Distillery.
 24391 | Orc:2    | Bought a potion of cancellation for 88 gold pieces
 24417 | Orc:2    | Found Fizywy's Weapon Shop.
 24597 | Orc:2    | Found a staircase to the Elven Halls.
 24616 | Orc:2    | Found an iron altar of Okawaru.
 24716 | Orc:2    | Found Fink's Distillery.
 24870 | Orc:2    | Found Iplil's Distillery.
 26033 | Orc:2    | Paralysed by an orc sorcerer for 5 turns
 26250 | Orc:2    | Found Oxiq's Antique Armour Shop.
 26250 | Orc:2    | Found Vaijil's Jewellery Boutique.
 26251 | Orc:2    | Found a one-way gate leading to the halls of Pandemonium.
 26394 | D:12     | Noticed Urug
 26401 | D:12     | Pacified Urug
 27243 | D:12     | Noticed Nessos
 27347 | D:12     | Reached skill level 10 in Conjurations
 27499 | D:12     | Killed Nessos
 27726 | D:12     | Anointed Urtork the warrior as your apostle
 27875 | D:12     | Noticed Josephine
 27881 | D:12     | Reached skill level 10 in Short Blades
 27881 | D:12     | Reached skill level 10 in Long Blades
 27881 | D:12     | Reached skill level 10 in Maces & Flails
 27881 | D:12     | Reached skill level 10 in Polearms
 27881 | D:12     | Reached skill level 10 in Staves
 27881 | D:12     | Reached skill level 10 in Ranged Weapons
 27881 | D:12     | Reached skill level 10 in Throwing
 27881 | D:12     | Reached skill level 10 in Armour
 27881 | D:12     | Reached skill level 10 in Stealth
 27881 | D:12     | Reached skill level 10 in Shields
 27881 | D:12     | Reached skill level 10 in Unarmed Combat
 27881 | D:12     | Reached skill level 10 in Evocations
 27885 | D:12     | Killed Josephine
 28182 | D:13     | Noticed Frances
 28198 | D:13     | Killed Frances
 28208 | D:13     | Reached XP level 15. HP: 104/118 MP: 27/30
 28356 | D:13     | Found a gate to the Vaults.
 29337 | D:13     | Your ally Ugrim died
 29343 | D:13     | Your ally Urtork died
 29350 | D:13     | HP: 2/119 [gargoyle/+0 mace (5)]
 30332 | D:13     | Found Xollyn's Distillery.
 30506 | D:14     | Learned a level 3 spell: Ozocubu's Armour
 30510 | D:14     | Learned a level 3 spell: Fugue of the Fallen
 31109 | D:14     | Noticed Louise
 31140 | D:14     | Killed Louise
 31226 | D:14     | Found a stormy altar of Qazlal.
 31311 | D:15     | Entered Level 15 of the Dungeon
 32156 | D:15     | Noticed a frost giant
 32168 | D:15     | Killed a frost giant
 32300 | D:14     | Upgraded the game from 0.32-a0-576-g706899e69d to
                  | 0.32-a0-599-gba8f9cf90e
 32607 | D:15     | Found a staircase to the Depths.
 32613 | D:15     | Identified the staff of Fear {rPois rC+ Dex+2 Ice}
 32671 | D:15     | Paralysed by an air elemental for 1 turns
 32675 | D:15     | Paralysed by an air elemental for 1 turns
 32995 | D:15     | Reached skill level 10 in Shapeshifting
 33071 | D:15     | Reached XP level 16. HP: 116/127 MP: 30/32
 33413 | D:15     | Paralysed by an air elemental for 1 turns
 33440 | D:15     | Reached ****** piety under Beogh
 33636 | D:15     | Identified the staff of Wisdom {+Blink rF+ rCorr Str+4
                  | Fire}
 33694 | D:12     | Noticed Kirke
 33756 | D:12     | Killed Kirke
 33785 | D:12     | Anointed Brunolf the priest as your apostle
 33958 | Shoals:1 | Entered Level 1 of the Shoals
 34096 | Shoals:1 | Identified the amulet "Ocrosism" {Reflect Regen+ SH+5}
 35307 | Shoals:2 | Found Dinyzoh's Antique Weapon Boutique.
 35352 | Shoals:2 | Found Inogut's Gadget Gallery.
 35355 | Shoals:2 | Found Duynergh's Weapon Emporium.
 35367 | Shoals:2 | Bought a phantom mirror for 520 gold pieces
 35395 | Shoals:2 | Found Huoroab's Antique Armour Shoppe.
 35411 | Shoals:2 | Bought a pair of faintly humming gloves for 218 gold pieces
 35411 | Shoals:2 | Identified the +0 pair of gloves of Piegusis {rF+ Dex+6
                  | Stlth-} (You bought it in a shop on level 2 of the Shoals)
 35425 | Shoals:2 | Found Juics's Magic Scroll Shop.
 35440 | Shoals:2 | Noticed Polyphemus
 35452 | Shoals:2 | Killed Polyphemus
 36140 | Shoals:3 | Reached XP level 17. HP: 121/135 MP: 29/33
 36331 | Shoals:2 | Bought a runed plate armour for 598 gold pieces
 36401 | Shoals:3 | Reached skill level 10 in Hexes
 36401 | Shoals:3 | Reached skill level 10 in Summonings
 36401 | Shoals:3 | Reached skill level 10 in Necromancy
 36401 | Shoals:3 | Reached skill level 10 in Translocations
 36401 | Shoals:3 | Reached skill level 10 in Fire Magic
 36401 | Shoals:3 | Reached skill level 10 in Ice Magic
 36401 | Shoals:3 | Reached skill level 10 in Air Magic
 36401 | Shoals:3 | Reached skill level 10 in Earth Magic
 36401 | Shoals:3 | Reached skill level 10 in Alchemy
 36628 | Shoals:3 | Noticed Ilsuiw
 36638 | Shoals:3 | Killed Ilsuiw
 37331 | Shoals:3 | Noticed a kraken
 37350 | Shoals:3 | Killed a kraken
 37371 | Shoals:3 | Your ally Oruk died
 37435 | Shoals:3 | Your ally Brunolf died
 37599 | Shoals:3 | Upgraded the game from 0.32-a0-599-gba8f9cf90e to
                  | 0.32-a0-616-g9348d4545b
 37599 | Shoals:3 | Upgraded the game from 0.32-a0-616-g9348d4545b to
                  | 0.32-a0-666-ge8a88695a4
 38309 | Depths:1 | Entered Level 1 of the Depths
 38735 | Spider:1 | Entered Level 1 of the Spider Nest
 38781 | Lair:3   | HP: 5/135 [entropy weaver (5)]
 38784 | Lair:3   | Slain by a redback

Illustrated notes

Levels and vault maps discovered:
D:1:      dpeg_arrival_ratfight, layout_loops_corners, minmay_statues_item
D:2:      layout_loops_ring
D:3:      layout_basic
D:4:      layout_cave_pools
D:5:      layout_basic, minmay_temple_entry_statues_fountains,
          gup_sewer_entry_bubbles
D:6:      layout_cave_pods, serial_park_tiny_2
D:7:      layout_cave_pools, nicolae_overflow_hallway_of_the_gods, serial_shops,
          nicolae_shop_tiny_real_fake_doors, nicolae_shop_overgrown_old_shop,
          nicolae_shop_mannequins, nicolae_shop_advertising_works
          [nicolae_subvault_shop_adworks], enter_bailey_5
D:8:      layout_basic
D:9:      layout_roguey, minmay_misc_feat_tower, minmay_st_funbox
D:10:     layout_basic, serial_shops, shop, amcnicky_altar_lugonu_corruption,
          uniq_snorg, uniq_nergalle
D:11:     layout_loops_ring, erik_lair_orcish_takeover, david_orc_5
D:12:     layout_roguey, uniq_kirke, uniq_urug, uniq_nessos, uniq_josephine
D:13:     nzn_winding_woodlands_cross
          [nzn_winding_woodlands_5x15_river_crossing,
          nzn_winding_woodlands_5x15_eye, nzn_winding_woodlands_5x15_pockets,
          nzn_winding_woodlands_5x15_sidewinder,
          nzn_winding_woodlands_15x15_five_gardens], layout_basic,
          hellmonk_vaults_order_and_chaos, serial_shops, shop, special_room
          [special_room_bee], uniq_frances
D:14:     layout_cave_pools, nicolae_qazlal_eye_of_the_storm,
          kennysheep_generic_room_10, uniq_louise
D:15:     hangedman_crystal_crosses_colossus [crystal_crosses_arms_four,
          crystal_crosses_arms_two, crystal_crosses_arms_one]
Temple:   minmay_temple_bridge_d
Lair:1:   layout_regular_city, serial_bayou_shore_a
Lair:2:   beast_lair_carwin_large_1, layout_regular_city, lemuel_fruit_tree
Lair:3:   layout_regular_city, minmay_shoals_entry_beasts,
          hellmonk_spider_entry_life_and_decay, ldierk_geyser, uniq_amaemon
Lair:4:   layout_layer_cave, infiniplex_staircase_pool, grunt_megastairs_2
Lair:5:   due_jungle_book, layout_regular_city, nicolae_slime_entry_slimehenge,
          grunt_megastairs_4
Shoals:1: layout_shoals, nicolae_shoals_goliath_grotto
Shoals:2: layout_shoals, serial_shops, shop, shop,
          nicolae_shop_competitors_out_of_business,
          nicolae_shop_pleasant_corner_grove, nicolae_shop_gadgets,
          uniq_polyphemus
Shoals:3: layout_shoals, nicolae_shoals_spring_well_temple, uniq_ilsuiw
Spider:1: layout_spider_delve, drop_trap, uniq_donald
Orc:1:    layout_caves
Orc:2:    pf_orc_diabolical, layout_caves, serial_shops,
          nicolae_shop_rolling_square, shop, nicolae_lakefront_shop,
          okawaru_metal_pillars_3
Depths:1: layout_gridlike, enter_ziggurat_a, hell_entry,
          nicolae_trove_entry_isolated, pan_entry, chequers_decorated_corner,
          chequers_serial_rivers_small_3, minmay_hidden_floor

Skill      XL: |  1  2  3  4  5  6  7  8  9 10 11 12 13 14 15 16 17 |
---------------+----------------------------------------------------+-----
Spellcasting   | 5 6 7 8 9 10 11 12 13 | 13.0
Invocations    | 1 2 3 4 5 6 7 8 10 11 12 13 | 13.1
Short Blades   | 1 2 3 5 6 7 8 9 10 11 12 | 12.1
Long Blades    | 1 2 3 5 6 7 8 9 10 11 12 | 12.1
Maces & Flails | 1 2 3 5 6 7 8 9 10 11 12 | 12.1
Polearms       | 1 2 3 5 6 7 8 9 10 11 12 | 12.1
Staves         | 1 2 3 5 6 7 8 9 10 11 12 | 12.1
Ranged Weapons | 1 2 3 5 6 7 8 9 10 11 12 | 12.1
Throwing       | 1 2 3 5 6 7 8 9 10 11 12 | 12.1
Armour         | 1 2 3 5 6 7 8 9 10 11 12 | 12.1
Stealth        | 1 2 3 5 6 7 8 9 10 11 12 | 12.1
Shields        | 1 2 3 5 6 7 8 9 10 11 12 | 12.1
Unarmed Combat | 1 2 3 5 6 7 8 9 10 11 12 | 12.1
Evocations     | 1 2 3 5 6 7 8 9 10 11 12 | 12.1
Shapeshifting  | 1 2 3 4 5 6 7 8 9 10 11 | 11.1
Hexes          | 1 2 3 4 5 6 7 8 9 10 | 10.2
Summonings     | 1 2 3 4 5 6 7 8 9 10 | 10.2
Necromancy     | 1 2 3 4 5 6 7 8 9 10 | 10.2
Translocations | 1 2 3 4 5 6 7 8 9 10 | 10.2
Fire Magic     | 1 2 3 4 5 6 7 8 9 10 | 10.2
Ice Magic      | 1 2 3 4 5 6 7 8 9 10 | 10.2
Air Magic      | 1 2 3 4 5 6 7 8 9 10 | 10.2
Earth Magic    | 1 2 3 4 5 6 7 8 9 10 | 10.2
Alchemy        | 1 2 3 4 5 6 7 8 9 10 | 10.2
Fighting       | 5 6 7 8 9 10 11 12 | 12.9
Dodging        | 5 6 7 8 9 10 11 12 | 12.9
Axes           | 7 8 9 10 11 12 13 | 13.6
Conjurations   | 6 7 8 9 10 11 | 11.5

Action                     |  1- 3 |  4- 6 |  7- 9 | 10-12 | 13-15 | 16-18 || total
---------------------------+-------+-------+-------+-------+-------+-------++-------
  Melee: Hand axe          |   114 |   187 |       |       |       |       ||   301
         Bite              |     7 |    30 |    53 |    40 |   143 |    48 ||   321
         War axe           |       |    66 |   390 |   278 |    23 |       ||   757
         Staff             |       |       |       |     5 |    10 |       ||    15
         Demon whip        |       |       |       |       |   672 |       ||   672
         Demon trident     |       |       |       |       |   119 |   477 ||   596
         Unarmed           |       |       |       |       |       |     1 ||     1
   Fire: Sling             |       |       |       |     1 |       |       ||     1
  Throw: Dart              |       |       |     7 |     6 |     5 |       ||    18
   Cast: Momentum Strike   |     2 |     1 |    10 |     3 |     2 |       ||    18
         Kiss of Death     |     1 |     1 |     5 |     3 |     2 |       ||    12
         Hailstorm         |       |       |    27 |    29 |     1 |       ||    57
         Lesser Beckoning  |       |       |    12 |     1 |    22 |    18 ||    53
         Blink             |       |       |     1 |       |       |       ||     1
         Fulminant Prism   |       |       |       |     1 |     3 |       ||     4
         Vhi's Electric Ch |       |       |       |       |     1 |       ||     1
         Fugue of the Fall |       |       |       |       |     1 |       ||     1
 Invoke: Convert to Beogh  |       |     1 |       |       |       |       ||     1
         Smiting           |       |       |     3 |     3 |    23 |    11 ||    40
         Recruit Apostle   |       |       |       |     3 |     1 |     1 ||     5
         Recall Apostles   |       |       |       |     2 |    12 |     3 ||    17
         Dismiss Apostle   |       |       |       |       |     3 |       ||     3
  Evoke: Wand              |       |       |       |     6 |    11 |     6 ||    23
         Phantom mirror    |       |       |       |       |       |     2 ||     2
    Use: Scroll            |     4 |     2 |     3 |    11 |    10 |     7 ||    37
         Potion            |       |       |     3 |     3 |     1 |     5 ||    12
   Stab: Sleeping          |     2 |       |       |     4 |     3 |       ||     9
         Paralysed         |       |       |       |     8 |       |       ||     8
         Distracted        |       |       |       |     4 |    22 |    12 ||    38
         Petrified         |       |       |       |       |       |     1 ||     1
 Armour: Leather armour    |    42 |     3 |       |       |       |       ||    45
         Scale mail        |       |   192 |   385 |   269 |   504 |       ||  1350
         Plate armour      |       |       |       |       |   190 |   411 ||   601
         Skin              |       |       |       |       |       |     1 ||     1
  Dodge: Dodged            |    64 |   147 |   257 |   193 |   322 |    72 ||  1055
  Block: Kite shield       |       |       |       |    80 |   386 |       ||   466
         Tower shield      |       |       |       |       |    72 |   569 ||   641
         Reflection        |       |       |       |       |       |    48 ||    48

Table legend: (Time is in decaauts)
 A = Elapsed time spent in this place.
 B = Non-inter-level travel time spent in this place.
 C = Inter-level travel time spent in this place.
 D = Time resting spent in this place.
 E = Time spent auto-exploring this place.
 F = Levels seen in this place.
 G = Mean time per level.
                   A        B        C        D        E       F      G
               +--------+--------+--------+--------+--------+-----+--------+
         Total |  38746 |  36411 |   2335 |  13634 |  14716 |  30 | 1291.5 |
       Dungeon |  21140 |  19835 |   1305 |   7202 |   8314 |  15 | 1409.3 |
        Temple |      1 |      1 |      0 |      0 |      0 |   1 |    1.0 |
          Lair |   7922 |   7327 |    595 |   2684 |   3412 |   5 | 1584.4 |
        Shoals |   4197 |   3888 |    309 |   1121 |   1709 |   3 | 1399.0 |
   Spider Nest |     35 |     35 |      0 |      0 |      0 |   1 |   35.0 |
  Orcish Mines |   3143 |   3055 |     88 |   1422 |   1066 |   2 | 1571.5 |
        Depths |    292 |    256 |     36 |    132 |     41 |   1 |  292.0 |
         Sewer |    307 |    307 |      0 |    181 |     62 |   1 |  307.0 |
        Bailey |   1705 |   1705 |      0 |    891 |    111 |   1 | 1705.0 |
               +--------+--------+--------+--------+--------+-----+--------+

Top non-repeatable levels by time:
    D:13: 2331 daAuts
   Orc:2: 2324 daAuts
  Lair:4: 2313 daAuts
  Lair:5: 2040 daAuts
    D:15: 2029 daAuts
    D:12: 2024 daAuts
    D:11: 1883 daAuts
Shoals:3: 1758 daAuts
  Bailey: 1705 daAuts
     D:2: 1527 daAuts
Shoals:1: 1340 daAuts
     D:6: 1324 daAuts
     D:5: 1318 daAuts
     D:1: 1307 daAuts
     D:7: 1261 daAuts
